 Dungeon Sprint DCSS version 0.23-a0-701-gd76f34b (webtiles) character file.

2471 emperorscorpion the Imperceptible (level 9, -7/71 HPs)
             Began as a Vampire Assassin on Jan 12, 2019.
             Was an Elder of Okawaru.
             Mangled by a slime creature (12 damage)
             ... in the Dungeon (Sprint IX: "|||||||||||||||||||||||||||||").
             The game lasted 00:02:59 (382 turns).

emperorscorpion the Imperceptible (Vampire Assassin) Turns: 382, Time: 00:03:00

Health: -7/71      AC:  4    Str: 10    XL:     9   Next: 26%
Magic:  9/11       EV: 14    Int: 13    God:    Okawaru [****..]
Gold:   0          SH:  0    Dex: 25    Spells: 8/8 levels left

rFire    . . .     SeeInvis +   t - +2 scimitar (flame)
rCold    . . .     Gourm    .   (no shield)
rNeg     . . .     Faith    .   c - +0 robe
rPois    .         Spirit   .   (no helmet)
rElec    .         Reflect  .   d - +0 cloak
rCorr    .         Harm     .   (no gloves)
MR       .....     NoTele   +   u - +0 pair of boots
Stlth    +++++++++.             (no amulet)
HPRegen  0.41/turn              x - +3 ring of dexterity
MPRegen  0.12/turn              y - +3 ring of dexterity

@: regenerating quickly
A: fangs 3, see invisible, unbreathing
a: Heroism, Renounce Religion


You were in the Dungeon.
You worshipped Okawaru.
Okawaru was greatly pleased with you.
You were very full.

You visited 1 branch

Inventory:

Hand Weapons
 a - a +2 dagger
 b - a +0 blowgun
 r - the +2 dire flail of Descent {flame, +Blink MR+ Int+3}
   (You found it in the Dungeon)

   It has been specially enchanted to burn those struck by it, causing extra
   injury to most foes and up to half again as much damage against particularly
   susceptible opponents.
   It affects your intelligence (+3).
   It affects your resistance to hostile enchantments.
   It lets you blink.
 s - a +2 rapier of distortion
 t - a +2 scimitar of flaming (weapon)
Missiles
 e - 8 poisoned needles
 f - 2 curare-tipped needles
Armour
 c - a +0 robe (worn)
 d - a +0 cloak (worn)
 u - a +0 pair of boots (worn)
 v - a +0 cloak
 w - a +1 chain mail
Magical Staves
 q - an uncursed staff of energy
Jewellery
 x - a +3 ring of dexterity (left hand)
 y - a +3 ring of dexterity (right hand)
Scrolls
 m - 2 scrolls of blinking
 n - 3 scrolls of remove curse
 o - 2 scrolls of amnesia
Potions
 h - 5 potions of curing
 i - 3 potions of heal wounds
 j - a potion of haste
 k - 4 potions of magic
 l - a potion of invisibility


   Skills:
 + Level 6.6 Fighting
 - Level 8.3(9.4) Short Blades
 + Level 6.0(7.8) Long Blades
 + Level 4.7 Throwing
 + Level 3.0 Dodging
 + Level 22.4 Stealth
 + Level 3.9 Evocations


You had 8 spell levels left.
You didn't know any spells.
Your spell library was empty.

Dungeon Overview and Level Annotations

Branches:
Dungeon (1/1)

Altars:
Cheibriados
Dithmenos
Elyvilon
Fedhas
Gozag
Hepliaklqana
Kikubaaqudgha
Makhleb
Nemelex Xobeh
Okawaru
Qazlal
Ru
Sif Muna
Trog
Uskayaw
Vehumet
Wu Jian
Xom
Yredelemnul
Zin
The Shining One
Beogh
Jiyva
Lugonu


Innate Abilities, Weirdness & Mutations

Your natural rate of healing is unusually fast.
You have razor-sharp teeth.
You have supernaturally acute eyesight. (SInv)
You can survive without breathing.


Message History

The slime creature is splashed with acid.
The acid corrodes the slime creature!
The slime creature is almost dead.
The bolt of acid hits the centaur warrior.
The centaur warrior is splashed with acid.
You kill the centaur warrior!
Okawaru is honoured by your kill.
Your base Long Blades skill gained 2 levels and is now at level 6!
Your Dodging skill increases to level 3!
Your Stealth skill increases to level 22!
You have reached level 9!
Your experience leads to an increase in your attributes!
Your base attributes are Str 10, Int 13, Dex 18.
Increase (S)trength, (I)ntelligence, or (D)exterity?
You feel agile.
The bolt of acid hits the red ugly thing.
The red ugly thing is splashed with acid.
The red ugly thing is severely wounded.
The now-empty wand crumbles to dust.
The slime creature hits you!
You die...

▓+▓
▓.▓
▓Z▓
▓.▓
▓o▓
▓u▓
▓J▓
▓@▓
▓.▓
▓.▓
▓.▓
▓)▓
▓.▓
▓.▓
▓'▓
▓.▓


You could see a red ugly thing, a slime creature, an orc and an adder zombie.

Vanquished Creatures
  2 centaur warriors (D)
  A two-headed ogre (D)
  A hippogriff (D)
  A yak (D)
  An ice beast (D)
  A howler monkey (D)
  A wight (D)
  A quasit (D)
  A worker ant (D)
  A leopard gecko (D)
  2 orcs (D)
  A giant cockroach (D)
  A quokka (D)
  A frilled lizard (D)
  2 rats (D)
18 creatures vanquished.

Notes
Turn   | Place    | Note
-------+----------+-------------------------------------------
     0 | D        | emperorscorpion the Vampire Assassin began the quest for
                  | the Orb.
     0 | D        | Reached XP level 1. HP: 16/16 MP: 1/1
     5 | D        | Reached skill level 6 in Stealth
    13 | D        | Reached skill level 7 in Stealth
    43 | D        | Noticed an ice beast
    43 | D        | Noticed a worker ant
    47 | D        | Reached XP level 2. HP: 22/22 MP: 2/2
    49 | D        | Reached skill level 8 in Stealth
    51 | D        | Reached skill level 9 in Stealth
    51 | D        | Reached XP level 3. HP: 27/27 MP: 3/3
    76 | D        | Killed an ice beast
    76 | D        | Reached skill level 5 in Short Blades
    76 | D        | Reached skill level 13 in Stealth
    76 | D        | Reached XP level 4. HP: 28/35 MP: 1/4
    94 | D        | Found a roughly hewn altar of Beogh.
    94 | D        | Found a snail-covered altar of Cheibriados.
    94 | D        | Found a shadowy altar of Dithmenos.
    94 | D        | Found a white marble altar of Elyvilon.
    94 | D        | Found a blossoming altar of Fedhas.
    94 | D        | Found an opulent altar of Gozag.
    95 | D        | Found a hazy altar of Hepliaklqana.
    96 | D        | Found a viscous altar of Jiyva.
    97 | D        | Found an ancient bone altar of Kikubaaqudgha.
    98 | D        | Found a corrupted altar of Lugonu.
    99 | D        | Found a burning altar of Makhleb.
   100 | D        | Found a sparkling altar of Nemelex Xobeh.
   101 | D        | Found an iron altar of Okawaru.
   102 | D        | Found a stormy altar of Qazlal.
   103 | D        | Found a sacrificial altar of Ru.
   104 | D        | Found a deep blue altar of Sif Muna.
   105 | D        | Found a bloodstained altar of Trog.
   106 | D        | Found a hide-covered altar of Uskayaw.
   107 | D        | Found a radiant altar of Vehumet.
   108 | D        | Found an ornate altar of the Wu Jian Council.
   109 | D        | Became a worshipper of Warmaster Okawaru
   110 | D        | Found a shimmering altar of Xom.
   111 | D        | Found a basalt altar of Yredelemnul.
   112 | D        | Found a glowing silver altar of Zin.
   113 | D        | Found a glowing golden altar of the Shining One.
   131 | D        | Got the +2 dire flail of Descent {flame, +Blink MR+ Int+3}
   215 | D        | Noticed a hippogriff
   215 | D        | Noticed a yak
   215 | D        | Noticed a two-headed ogre
   216 | D        | Reached XP level 5. HP: 41/41 MP: 5/5
   231 | D        | Killed a yak
   231 | D        | Reached * piety under Okawaru
   231 | D        | Reached skill level 16 in Stealth
   231 | D        | Reached XP level 6. HP: 48/48 MP: 3/6
   234 | D        | Killed a two-headed ogre
   234 | D        | Reached ** piety under Okawaru
   234 | D        | Reached skill level 5 in Fighting
   234 | D        | Reached skill level 1 in Long Blades
   234 | D        | Reached skill level 19 in Stealth
   234 | D        | Reached skill level 1 in Evocations
   234 | D        | Reached XP level 7. HP: 28/56 MP: 4/8
   240 | D        | Killed a hippogriff
   240 | D        | Reached skill level 20 in Stealth
   240 | D        | Reached XP level 8. HP: 11/63 MP: 4/9
   372 | D        | Noticed a red ugly thing
   372 | D        | Noticed a centaur warrior
   372 | D        | Noticed a slime creature
   372 | D        | Noticed a centaur warrior
   379 | D        | Killed a centaur warrior
   379 | D        | Reached *** piety under Okawaru
   379 | D        | Reached skill level 21 in Stealth
   382 | D        | Killed a centaur warrior
   382 | D        | Reached **** piety under Okawaru
   382 | D        | Reached skill level 22 in Stealth
   382 | D        | Reached XP level 9. HP: 5/71 MP: 9/11
   382 | D        | Mangled by a slime creature

Vault maps used:
D:        linesprint

Skill      XL: |  1  2  3  4  5  6  7  8 |
---------------+-------------------------+-----
Stealth        | 7 9 13 16 19 20 22 | 22.4
Short Blades   | 3 4 5 6 8 |  8.3
Fighting       | 2 3 5 6 |  6.6
Throwing       | 2 3 4 |  4.7
Long Blades    | 1 6 |  6.0
Evocations     | 1 2 3 |  3.9
Dodging        | 2 3 |  3.0

Action                   |  1- 3 |  4- 6 |  7- 9 || total
-------------------------+-------+-------+-------++-------
Melee: Dagger            |    26 |       |       ||    26
       Bite              |     1 |       |     3 ||     4
       Scimitar          |       |     1 |    12 ||    13
 Abil: End Transformatio |     1 |     1 |       ||     2
       Bat Form          |     1 |     1 |       ||     2
Evoke: Wand              |       |     5 |     5 ||    10
  Use: Potion            |     1 |       |     5 ||     6
 Stab: Sleeping          |     6 |       |       ||     6
Armor: Robe              |     2 |       |     4 ||     6
Dodge: Dodged            |     9 |     3 |    11 ||    23
       Rpst.: Scimitar   |       |       |     4 ||     4

Table legend:
 A = Non-vault XP
 B = Vault XP
 C = Vault XP percentage of total XP
 D = Non-vault monster count
 E = Vault monster count
 F = Vault count percentage of total count
                 A         B        C        D         E       F
            +---------+---------+-------+---------+---------+-------
      Total |       0 |    3530 | 100.0 |       0 |      18 | 100.0
            +---------+---------+-------+---------+---------+-------
          D |       0 |    3530 | 100.0 |       0 |      18 | 100.0
            +---------+---------+-------+---------+---------+-------
